 Dungeon Crawl Stone Soup version 0.18.1-6-gd335043 (webtiles) character file.

34134 Hasart the Eclecticist (level 13, -7/63 HPs)
             Began as a Deep Elf Ice Elementalist on May 15, 2016.
             Was a High Priest of Vehumet.
             Killed by an exploding ball lightning (10 damage)
             ... created by the player character
             ... on level 7 of the Lair of Beasts on May 16, 2016.
             The game lasted 01:33:58 (25156 turns).

Hasart the Eclecticist (Deep Elf Ice Elementalist) Turns: 25156, Time: 01:33:59

Health: -7/63      AC: 11    Str:  5    XL:     13   Next: 40%
Magic:  0/44       EV: 16    Int: 26    God:    Vehumet [*****.]
Gold:   1246       SH:  0    Dex: 15    Spells: 8 memorised, 11 levels left

rFire  + . .     SeeInvis .     V - staff of air
rCold  . . .     Gourm    .     L - +1 leather armour "Neiph" {rPois Regen+ rCorr Slay-4}
rNeg   . . .     Faith    .     (no shield)
rPois  +         Spirit   +     G - +2 helmet
rElec  +         Dismiss  .     p - +2 cloak
rCorr  +         Reflect  .     h - +0 pair of gloves
SustAt .         Harm     .     (no boots)
MR     +....                    M - amulet of guardian spirit
Stlth  ++........               x - ring of protection from fire
                                s - ring of magical power

@: somewhat resistant to hostile enchantments, unstealthy
A: no striking features
a: Renounce Religion


You were on level 7 of the Lair of Beasts.
You worshipped Vehumet.
Vehumet was extremely pleased with you.
You were hungry.

You visited 3 branches of the dungeon, and saw 19 of its levels.
You also visited: Labyrinth.

You collected 1246 gold pieces.

Inventory:

Armour
 h - a +0 pair of gloves (worn)
 p - a +2 cloak (worn)
 G - a +2 helmet (worn)
 L - the +1 leather armour "Neiph" (worn) {rPois Regen+ rCorr Slay-4}
   (You found it on level 9 of the Dungeon)

   It affects your accuracy and damage with ranged weapons and melee attacks
   (-4).
   It protects you from poison.
   It increases your rate of regeneration.
   It protects you from acid and corrosion.
 X - the +3 warlock's mirror {reflect}
   (You acquired it on level 7 of the Lair of Beasts)
Magical Staves
 o - an uncursed staff of energy
 V - an uncursed staff of air (weapon)
Rods
 u - a +6 iron rod (9/9)
   (You found it in a labyrinth)
 z - a +6 rod of clouds (13/13)
   (You took it off a minotaur in a labyrinth)
Jewellery
 b - an uncursed ring of magical power
 f - an uncursed amulet of faith {unknown}
 k - an uncursed ring of magical power
 s - a ring of magical power (left hand)
 t - an uncursed ring of resist corrosion
 x - a ring of protection from fire (right hand)
 F - an uncursed ring of stealth
 M - an amulet of guardian spirit (around neck)
 N - an uncursed ring of protection from cold
 Y - a +1 ring of protection
Wands
 v - a wand of digging (7/24)
 P - a wand of iceblast (14/15)
 S - a wand of disintegration (12/24)
 W - a wand of lightning (5/15)
Scrolls
 j - 14 scrolls of identify
 l - 3 scrolls of teleportation
 q - 4 scrolls of magic mapping
 w - 3 scrolls of fear
 y - a scroll of amnesia
 O - 8 scrolls of remove curse
 U - a scroll of enchant armour
Potions
 a - a potion of degeneration {unknown}
 d - a potion of haste
 e - 2 potions of cure mutation
 g - a potion of berserk rage {unknown}
 i - 2 potions of curing
 n - a potion of lignification
 H - a potion of flight
 Q - a potion of resistance
Books
 E - a book of Ice

   Spells                             Type                      Level
   a - Ice Form                       Ice/Transmutation            4
   b - Metabolic Englaciation         Hexes/Ice                    5
   c - Ozocubu's Refrigeration        Ice                          6
   d - Bolt of Cold                   Conjuration/Ice              6
   e - Freezing Cloud                 Conjuration/Ice/Air          6
   f - Simulacrum                     Ice/Necromancy               6
Miscellaneous
 B - a phial of floods
Comestibles
 c - 9 bread rations
 m - 30 fruits
 D - 4 meat rations
 J - 8 royal jellies
 K - a beef jerky


   Skills:
 - Level 8.3 Dodging
 - Level 2.4 Stealth
 * Level 1.0 Shields
 + Level 16.1 Spellcasting
 - Level 6.7 Conjurations
 - Level 3.4 Charms
 - Level 7.0 Summonings
 - Level 6.8 Ice Magic
 * Level 14.1 Air Magic


You had 11 spell levels left.
You knew the following spells:

 Your Spells              Type           Power        Failure   Level  Hunger
a - Freeze                Ice            ####         1%          1    None
b - Ozocubu's Armour      Chrm/Ice       #####...     1%          3    None
c - Summon Ice Beast      Ice/Summ       ######..     2%          4    None
d - Throw Icicle          Conj/Ice       ######..     1%          4    None
e - Airstrike             Air            #######...   1%          4    None
f - Summon Lightning Spi  Summ/Air       #######.     1%          4    None
g - Conjure Ball Lightni  Conj/Air       #######...   2%          6    ####...
h - Spellforged Servitor  Conj/Summ      ######....   78%         7    #####..


Dungeon Overview and Level Annotations

Branches:
Dungeon (11/15)            Temple (1/1) D:4            Lair (7/8) D:9
 Shoals (0/4) Lair:4        Snake (0/4) Lair:3          Orc (0/2) D:11
  Slime: Lair:6-8

Altars:
Ashenzari
Cheibriados
Dithmenos
Elyvilon
Fedhas
Gozag
Kikubaaqudgha
Makhleb
Nemelex Xobeh
Okawaru
Pakellas
Qazlal
Ru
Sif Muna
Trog
Vehumet
Xom
Yredelemnul
Zin
The Shining One

Annotations:
Lair:7 Nessos


Message History

The blast of lightning engulfs your ball lightning.
Your ball lightning completely resists.
The blast of lightning engulfs the plant.
You destroy the plant!
The blast of lightning engulfs you! You resist.
* * * LOW HITPOINT WARNING * * *
The blast of lightning engulfs the plant.
You destroy the plant!
Nessos shoots an arrow.
The arrow hits you.
* * * LOW HITPOINT WARNING * * *
Your ball lightning explodes!
The blast of lightning engulfs Nessos.
Nessos is severely wounded.
The blast of lightning engulfs your lightning spire.
Your lightning spire completely resists.
Your lightning spire is heavily damaged.
The blast of lightning engulfs your ball lightning.
Your ball lightning completely resists.
The blast of lightning engulfs you! You resist.
You die...

.#.....#.......... #
#..#..........
#..##......P.#
#..##.......##
####..#.........#
##P##..##......##
#..P#..###.?....#
...P.....#......####
...........8..(.@..#
..............(....#
)P......§(.c..*...#.#
..................# #
....P...#.........#
....#....#........#
............#......#
......§.P##..#....##
..... [.......#


You could see Nessos, a friendly lightning spire and a friendly ball lightning.

Vanquished Creatures
  The ghost of Uhlv the Grappler, a journeyman TrMo of Okawaru (Lair:1)
  Josephine (Lair:6)
  The ghost of inmateoo the Grappler, a journeyman DrTm of Cheibriados (D:10)
  Harold (Lair:2)
  3 hydras
  A queen ant (Lair:4)
  A griffon (Lair:2)
  5 black mambas
  A siren (Lair:4)
  9 spiny frogs
  2 komodo dragons
  2 trolls
  A two-headed ogre (D:8)
  2 merfolk (Lair:4)
  12 blink frogs
  2 redbacks (Lab)
  4 wraiths
  A steam dragon (D:10)
  22 yaks
  2 basilisks
  4 hungry ghosts (Lab)
  7 hippogriffs
  Menkaure (D:7)
  3 nagas (Lair:3)
  5 soldier ants
  8 water moccasins
  9 porcupines
  3 ice beasts
  2 phantoms (D:9)
  3 wasps (D:9)
  An eye of draining (D:3)
  A sky beast (D:6)
  5 wolves (Lair:4)
  3 centaurs
  11 crocodiles
  11 giant frogs
  Dowan (D:7)
  4 scorpions
  3 wights (D:10)
  12 killer bees
  2 electric eels
  10 howler monkeys
  2 crimson imps
  A giant frog zombie (D:9)
  A quasit (D:11)
  2 orc priests (D:9)
  3 hounds
  A jelly (D:7)
  A giant frog skeleton (D:8)
  A gnoll shaman (D:6)
  9 orc wizards
  Jessica (D:3)
  4 iguanas
  27 worker ants
  A killer bee zombie (D:9)
  15 sheep
  Robin (D:3)
  4 gnolls
  11 adders
  25 river rats
  An ooze (D:5)
  An adder skeleton (D:8)
  2 worms (D:3)
  3 dart slugs
  8 giant geckos
  29 orcs
  8 giant cockroaches
  18 goblins
  11 hobgoblins
  8 jackals
  4 quokkas
  10 bats
  12 giant newts
  A jackal zombie (D:6)
  8 kobolds
  A quokka skeleton (D:6)
  2 quokka zombies
  7 rats
  A bush (Lair:2)
  10 fungi
  6 plants
444 creatures vanquished.

Vanquished Creatures (collateral kills)
  A minotaur (Lab)
  A hydra (Lair:4)
  Urug (Lair:2)
  4 skeletal warriors
  The ghost of HungrySpirit the Basher, a novice OgAM (D:6)
  3 spiny frogs
  2 komodo dragons
  A troll (D:9)
  A polar bear (Lair:5)
  A two-headed ogre (D:11)
  2 blink frogs (Lair:2)
  3 yaks
  3 soldier ants
  2 water moccasins
  2 porcupines
  Duvessa (D:7)
  An orc warrior (D:10)
  A phantom (D:4)
  3 ogres
  8 killer bees
  A wight (D:10)
  A howler monkey (D:7)
  A giant frog zombie (D:5)
  3 orc wizards (D:8)
  2 centaur skeletons
  A hound (D:6)
  3 orc priests
  A giant frog skeleton (D:5)
  8 worker ants
  A howler monkey zombie (D:7)
  A worker ant zombie (D:7)
  4 gnolls
  6 river rats (Lair:1)
  A dart slug (D:4)
  8 orcs
  A giant gecko skeleton (D:4)
85 creatures vanquished.

Vanquished Creatures (others)
  107 ball lightnings
  3 fungi
  2 plants
112 creatures vanquished.

Grand Total: 641 creatures vanquished

Notes
Turn   | Place    | Note
--------------------------------------------------------------
     0 | D:1      | Hasart the Deep Elf Ice Elementalist began the quest for the Orb.
     0 | D:1      | Reached XP level 1. HP: 10/10 MP: 6/6
   241 | D:1      | Reached XP level 2. HP: 15/15 MP: 2/8
   858 | D:1      | Reached XP level 3. HP: 15/19 MP: 7/10
  1023 | D:1      | Learned a level 3 spell: Ozocubu's Armour
  1544 | D:2      | Reached skill level 4 in Spellcasting
  2012 | D:2      | Found a shadowy altar of Dithmenos.
  2014 | D:2      | Found an iron altar of Okawaru.
  2306 | D:3      | Reached XP level 4. HP: 20/24 MP: 9/12
  2434 | D:3      | Noticed a giant frog
  2442 | D:3      | Killed a giant frog
  2442 | D:3      | Reached skill level 5 in Spellcasting
  2442 | D:3      | Reached XP level 5. HP: 12/28 MP: 7/14
  2624 | D:3      | Learned a level 4 spell: Summon Ice Beast
  2698 | D:3      | Noticed an eye of draining
  2702 | D:3      | Found a shimmering altar of Xom.
  2717 | D:3      | Killed an eye of draining
  2717 | D:3      | Reached skill level 1 in Charms
  2717 | D:3      | Reached skill level 1 in Summonings
  2839 | D:3      | Reached XP level 6. HP: 26/32 MP: 5/16
  3135 | D:2      | Reached skill level 6 in Spellcasting
  3455 | D:3      | Noticed Robin
  3471 | D:3      | Killed Robin
  3605 | D:3      | Noticed Jessica
  3613 | D:3      | Killed Jessica
  3749 | D:3      | Found a radiant altar of Vehumet.
  3779 | D:3      | Became a worshipper of Vehumet
  4677 | D:4      | Reached XP level 7. HP: 36/36 MP: 19/19
  5041 | D:4      | Learned a level 4 spell: Throw Icicle
  5063 | D:4      | Reached * piety under Vehumet
  5063 | D:4      | Offered knowledge of Magic Dart by Vehumet.
  5160 | D:4      | Found a staircase to the Ecumenical Temple.
  5191 | Temple   | Entered the Ecumenical Temple
  5298 | D:4      | Reached skill level 7 in Spellcasting
  5824 | D:4      | Found a basalt altar of Yredelemnul.
  5827 | D:4      | Found a shattered altar of Ashenzari.
  5828 | D:4      | Found an oddly glowing altar of Pakellas.
  5988 | D:4      | Found a sacrificial altar of Ru.
  6251 | D:5      | Entered Level 5 of the Dungeon
  6306 | D:5      | Reached skill level 5 in Ice Magic
  6654 | D:5      | Learned a level 4 spell: Airstrike
  6774 | D:5      | Reached skill level 5 in Dodging
  7357 | D:6      | Reached XP level 8. HP: 41/41 MP: 21/21
  7377 | D:6      | Reached skill level 1 in Air Magic
  7410 | D:6      | Noticed HungrySpirit's ghost (novice OgAM)
  7421 | D:6      | Reached skill level 8 in Spellcasting
  7492 | D:6      | Killed HungrySpirit's ghost
  7869 | D:7      | Offered knowledge of Shock by Vehumet.
  7869 | D:7      | Reached skill level 5 in Summonings
  7875 | D:7      | Reached ** piety under Vehumet
  8263 | D:7      | Reached skill level 9 in Spellcasting
  8339 | D:7      | Reached XP level 9. HP: 45/45 MP: 24/24
  9049 | D:7      | Got a steaming leather armour
  9050 | D:7      | Identified the +2 leather armour of Sloth {rC+++ rCorr Dex-4} (You found it on level 7 of the Dungeon)
  9068 | D:7      | Noticed Dowan
  9073 | D:7      | Noticed Duvessa
  9079 | D:7      | Killed Duvessa
  9082 | D:7      | Killed Dowan
  9252 | D:7      | Noticed Menkaure
  9266 | D:7      | Killed Menkaure
  9631 | D:8      | Reached skill level 5 in Air Magic
  9928 | D:8      | Offered knowledge of Conjure Flame by Vehumet.
  9928 | D:8      | Reached skill level 10 in Spellcasting
 11638 | D:9      | Reached *** piety under Vehumet
 11754 | D:9      | Got a bloodstained leather armour
 11755 | D:9      | Identified the +1 leather armour "Neiph" {rPois Regen+ rCorr Slay-4} (You found it on level 9 of the Dungeon)
 11907 | D:9      | Found a staircase to the Lair.
 12014 | D:9      | Noticed a troll
 12030 | D:9      | Killed a troll
 12030 | D:9      | Reached skill level 5 in Conjurations
 12030 | D:9      | Reached XP level 10. HP: 50/50 MP: 3/26
 12316 | D:9      | Reached skill level 11 in Spellcasting
 12375 | D:10     | Entered Level 10 of the Dungeon
 12409 | D:10     | Offered knowledge of Force Lance by Vehumet.
 12597 | D:10     | Noticed inmateoo's ghost (journeyman DrTm)
 13426 | D:11     | Found a staircase to the Orcish Mines.
 13441 | D:11     | Noticed a skeletal warrior
 13443 | D:11     | Noticed a skeletal warrior
 13444 | D:11     | Noticed a skeletal warrior
 13452 | D:11     | Noticed a skeletal warrior
 13537 | D:10     | Reached **** piety under Vehumet
 13899 | D:8      | Learned a level 4 spell: Summon Lightning Spire
 14040 | D:9      | Killed a skeletal warrior
 14149 | D:10     | Killed inmateoo's ghost
 14798 | D:10     | Killed a skeletal warrior
 14798 | D:10     | Reached skill level 12 in Spellcasting
 15183 | D:11     | Killed a skeletal warrior
 15280 | D:11     | Offered knowledge of Mephitic Cloud by Vehumet.
 15280 | D:11     | Reached XP level 11. HP: 54/54 MP: 27/29
 15388 | D:11     | Killed a skeletal warrior
 15516 | D:11     | Noticed a hill giant
 15516 | D:11     | Noticed a hill giant
 15518 | D:11     | Noticed a hill giant
 15627 | Lair:1   | Entered Level 1 of the Lair of Beasts
 16295 | Lair:1   | Reached ***** piety under Vehumet
 16384 | Lair:1   | Offered knowledge of Poisonous Cloud by Vehumet.
 16654 | Lair:1   | Noticed Uhlv's ghost (journeyman TrMo)
 16671 | Lair:1   | Killed Uhlv's ghost
 16872 | Lair:2   | Found a labyrinth entrance.
 16889 | Lair:2   | Noticed Urug
 16902 | Lair:2   | Killed Urug
 16936 | Lab      | Entered a labyrinth
 17263 | Lab      | Found an exit through the horrors of the Abyss.
 17396 | Lab      | Reached skill level 13 in Spellcasting
 17550 | Lab      | Noticed a minotaur
 17571 | Lab      | Killed a minotaur
 17590 | Lab      | Gained mutation: You are robust (+10% HP). [potion of beneficial mutation]
 17698 | Lab      | Identified a +6 rod of clouds (12/13) (You took it off a minotaur in a labyrinth)
 17728 | Lab      | Got a shimmering morningstar
 17729 | Lab      | Identified the +4 morningstar of Pyromania {venom, +Rage Int+2} (You found it in a labyrinth)
 17740 | Lab      | Learned a level 6 spell: Conjure Ball Lightning
 18270 | Lair:2   | Reached skill level 10 in Air Magic
 18290 | Lair:2   | Noticed a griffon
 18577 | Lair:2   | Noticed an eight-headed hydra
 18580 | Lair:2   | Killed an eight-headed hydra
 18719 | Lair:2   | Killed a griffon
 18719 | Lair:2   | Reached XP level 12. HP: 64/64 MP: 31/31
 18983 | Lair:2   | Noticed Harold
 18992 | Lair:2   | Killed Harold
 19381 | Lair:1   | Reached skill level 14 in Spellcasting
 19599 | Lair:3   | Noticed a four-headed hydra
 19603 | Lair:3   | Killed a four-headed hydra
 20365 | Lair:3   | Found a staircase to the Snake Pit.
 20864 | Lair:4   | Found a staircase to the Shoals.
 20881 | Lair:4   | Noticed a five-headed hydra
 20891 | Lair:4   | Killed a five-headed hydra
 21147 | Lair:4   | Noticed a queen ant
 21157 | Lair:4   | Killed a queen ant
 21162 | Lair:4   | Offered knowledge of Irradiate by Vehumet.
 21521 | Lair:4   | Reached skill level 15 in Spellcasting
 21806 | Lair:4   | Noticed a seven-headed hydra
 21810 | Lair:4   | Killed a seven-headed hydra
 22526 | Lair:5   | Reached XP level 13. HP: 49/69 MP: 15/34
 23705 | Lair:6   | Noticed Josephine
 23711 | Lair:6   | Killed Josephine
 24668 | Lair:7   | Offered knowledge of Spellforged Servitor by Vehumet.
 24688 | Lair:7   | Learned a level 7 spell: Spellforged Servitor
 24853 | Lair:7   | Reached skill level 16 in Spellcasting
 25000 | Lair:7   | Identified a scroll of acquirement
 25007 | Lair:7   | Gained mutation: Your magical capacity is low (-10% MP). [potion of mutation]
 25007 | Lair:7   | Gained mutation: You tend to lose your temper in combat. [potion of mutation]
 25008 | Lair:7   | Lost mutation: You tend to lose your temper in combat. [potion of cure mutation]
 25008 | Lair:7   | Lost mutation: You are robust (+10% HP). [potion of cure mutation]
 25008 | Lair:7   | Lost mutation: Your magical capacity is low (-10% MP). [potion of cure mutation]
 25146 | Lair:7   | Reached skill level 1 in Shields
 25147 | Lair:7   | Noticed Nessos
 25155 | Lair:7   | HP: 2/63 [Nessos/arrow (6)]
 25156 | Lair:7   | Killed by an exploding ball lightning

Skill      XL: |  1  2  3  4  5  6  7  8  9 10 11 12 13 |
---------------+----------------------------------------+-----
Dodging        | 3 4 5 6 7 8 |  8.3
Spellcasting   | 4 5 6 7 9 10 12 13 15 16 | 16.1
Ice Magic      | 4 5 6 |  6.8
Charms         | 1 2 3 |  3.4
Summonings     | 1 3 4 5 6 7 |  7.0
Conjurations   | 2 3 5 6 |  6.7
Air Magic      | 3 6 7 10 13 14 | 14.1
Shields        | 1 |  1.0
Stealth        | |  2.4

Action                   |  1- 3 |  4- 6 |  7- 9 | 10-12 | 13-15 || total
-------------------------+-------+-------+-------+-------+-------++-------
Melee: Dagger            |    16 |    30 |     1 |       |       ||    47
       Staff             |       |       |    46 |    37 |     1 ||    84
 Cast: Freeze            |    67 |    79 |   302 |   103 |       ||   551
       Ozocubu's Armour  |       |     1 |       |     1 |       ||     2
       Summon Ice Beast  |       |     2 |    35 |    36 |       ||    73
       Airstrike         |       |       |    38 |   249 |    64 ||   351
       Summon Lightning  |       |       |       |    34 |     5 ||    39
       Conjure Ball Ligh |       |       |       |    32 |    14 ||    46
Evoke: Wand              |       |       |       |     5 |       ||     5
  Use: Scroll            |       |     1 |     4 |    14 |     2 ||    21
       Potion            |       |       |       |    10 |     7 ||    17
 Stab: Sleeping          |     3 |     1 |     1 |       |       ||     5
  Eat: Chunk             |     4 |     7 |    19 |    26 |     9 ||    65
       Royal jelly       |       |       |     1 |     1 |       ||     2
       Beef jerky        |       |       |     1 |       |       ||     1
       Fruit             |       |       |       |     7 |       ||     7
       Pizza             |       |       |       |     3 |     1 ||     4
Armor: Robe              |    13 |    13 |     6 |       |       ||    32
       Leather armour    |       |       |   112 |    59 |     2 ||   173
Dodge: Dodged            |    51 |    40 |   244 |   159 |     9 ||   503
